 Dungeon Crawl Stone Soup version 0.16.1-5-gaa23807 (webtiles) character file.

952 Psiweapon the Cleaver (level 8, -8/67 HPs)
             Began as a Hill Orc Gladiator on Mar 28, 2015.
             Was a Follower of Makhleb.
             Killed from afar by Pikel (13 damage)
             ... with a wand of frost
             ... on level 6 of the Dungeon.
             The game lasted 00:25:22 (6583 turns).

Psiweapon the Cleaver (Hill Orc Gladiator)          Turns: 6583, Time: 00:25:24

Health: -8/67      AC:  9    Str: 18    XL:     8   Next: 13%
Magic:  13/13      EV: 10    Int:  8    God:    Makhleb [*.....]
Gold:   264        SH:  0    Dex: 13    Spells: 0 memorised, 7 levels left

rFire  . . .     SeeInvis .     a - +0 war axe
rCold  . . .     Clarity  .     p - +0 scale mail
rNeg   . . .     SustAb   .     (no shield)
rPois  .         Gourm    .     c - +1 helmet
rElec  .         Spirit   .     (no cloak)
rCorr  .         Warding  .     j - +0 pair of gloves
rMut   .         Stasis   .     (no boots)
MR     .....                    (no amulet)
Stlth  +.........               (no ring)
                                s - ring of flight

@: very slightly contaminated, slowed, very slow, not resistant to hostile
enchantments, very unstealthy
A: camouflage 1
a: Renounce Religion, Evoke Flight


You were on level 6 of the Dungeon.
You worshipped Makhleb.
Makhleb was aware of your devotion.
You were not hungry.

You visited 2 branches of the dungeon, and saw 9 of its levels.

You collected 264 gold pieces.

Inventory:

Hand weapons
 a - a +0 war axe (weapon)
 o - a +1 flail of protection
 y - a +0 blowgun
 D - a +2 whip of electrocution
Missiles
 d - 3 throwing nets (quivered)
 v - 2 tomahawks
 x - 33 poisoned needles
 A - 25 bolts
Armour
 b - a +0 leather armour
 c - a +1 helmet (worn)
 h - a +0 ring mail
 j - a +0 pair of gloves (worn)
 p - a +0 scale mail (worn)
 w - a +0 pair of gloves
 C - a +0 plate armour
Jewellery
 s - a ring of flight (left hand)
 G - a cursed amulet of inaccuracy
Magical devices
 l - a wand of heal wounds (4)
Scrolls
 e - a scroll of blinking
 g - 2 scrolls of recharging
 n - 2 scrolls of enchant armour
 I - a scroll of fear {unknown}
 J - a scroll of amnesia {unknown}
Potions
 i - 2 potions of cancellation
 r - 4 potions of might
 t - a potion of magic
 u - a potion of lignification
 z - a potion of haste
 E - a potion of brilliance
 F - a potion of agility
Books
 K - a book of Fire

   Spells                             Type                      Level
   a - Ignite Poison                  Fire/Transmutation           5
   b - Fireball                       Conjuration/Fire             5
   c - Bolt of Fire                   Conjuration/Fire             6
   d - Delayed Fireball               Conjuration/Fire             7
   e - Ring of Flames                 Charms/Fire                  7
Comestibles
 f - 5 meat rations
 k - 5 fruits
 m - 3 bread rations
 B - a slice of pizza


   Skills:
 + Level 4.4 Fighting
 - Level 11.0 Axes
 - Level 2.1 Throwing
 - Level 2.5 Dodging
 + Level 3.2 Invocations


You had 7 spell levels left.
You didn't know any spells.

Dungeon Overview and Level Annotations

Branches:
Dungeon (8/15)             Temple (1/1) D:4
   Lair: D:8-11

Altars:
Dithmenos
Elyvilon
Fedhas
Gozag
Kikubaaqudgha
Makhleb
Nemelex Xobeh
Okawaru
Qazlal
Sif Muna
Trog
Xom
Yredelemnul
Zin
The Shining One

Shops:
D:4 }*

Annotations:
D:2 1 exclusion
D:6 Menkaure, Pikel


Innate Abilities, Weirdness & Mutations

Your skin changes colour to match your surroundings (Stealth).


Message History

The orc warrior hits you with a flail!!
Unknown command.
You barely miss the orc warrior.
The orc warrior is almost dead.
The orc warrior hits you with a flail!!
* * * LOW HITPOINT WARNING * * *
Drink which item? (? for menu, Esc to quit)
Okay, then.
Read which item? (? for menu, Esc to quit)
Blink to where?
Press: ? - help, Dir - move target cursor, p - orc warrior You are very lightly contaminated with residual magic.
As you read the scroll of blinking, it crumbles to dust.
Magic restored.
You climb upwards.
Level annotation: Menkaure Pikel shouts!
The slave shouts!
The orc shouts!
The orc shouts!
The orc shouts! 3 slaves come into view.
Pikel zaps a wand.
The puff of frost hits you!
You die...

# ## .##.#
#.#.# #po.#
#.op##
##.K).###.
##..po.p....
#..@......#
#..####..###
#.. # ...
... .


You could see Pikel, 4 slaves and 3 orcs.

Vanquished Creatures
  A sky beast (D:7)
  2 scorpions
  A gnoll shaman (D:7)
  An iguana (D:5)
  5 hounds
  A giant frog skeleton (D:4)
  5 orc wizards
  2 orc priests
  Terence (D:3)
  Robin (D:2)
  3 gnolls (D:7)
  7 adders
  3 giant mites (D:5)
  3 worms (D:2)
  5 giant geckos
  2 oozes
  31 orcs
  6 giant cockroaches
  23 goblins
  14 hobgoblins
  7 jackals
  13 kobolds
  A quokka (D:3)
  2 ball pythons
  10 bats
  A giant gecko skeleton (D:6)
  11 giant newts
  13 rats
175 creatures vanquished.

Notes
Turn   | Place    | Note
--------------------------------------------------------------
     0 | D:1      | Psiweapon, the Hill Orc Gladiator, began the quest for the Orb.
     0 | D:1      | Reached XP level 1. HP: 18/18 MP: 1/1
    44 | D:2      | Reached XP level 2. HP: 25/25 MP: 2/2
   331 | D:1      | Reached skill level 5 in Axes
   364 | D:1      | Reached XP level 3. HP: 16/30 MP: 3/3
  1321 | D:2      | Reached skill level 6 in Axes
  1335 | D:2      | Reached XP level 4. HP: 32/37 MP: 4/4
  1454 | D:2      | Noticed Robin
  1464 | D:2      | Killed Robin
  2036 | D:2      | Gained mutation: Your magical capacity is low (-10% MP). [potion of mutation]
  2036 | D:2      | Lost mutation: Your magical capacity is low (-10% MP). [potion of mutation]
  2036 | D:2      | Gained mutation: Your skin changes colour to match your surroundings (Stealth). [potion of mutation]
  2137 | D:3      | Reached skill level 7 in Axes
  2137 | D:3      | Reached XP level 5. HP: 27/42 MP: 5/5
  2591 | D:3      | Noticed Terence
  2604 | D:3      | Killed Terence
  2646 | D:3      | Reached skill level 8 in Axes
  2678 | D:4      | Found an opulent altar of Gozag.
  2685 | D:4      | Found Gozag's Platinum Reserve.
  2869 | D:3      | Reached XP level 6. HP: 25/50 MP: 6/6
  3365 | D:4      | Reached skill level 9 in Axes
  3440 | D:5      | Entered Level 5 of the Dungeon
  3666 | D:4      | Found Kunump Mung's Gadget Shop.
  3729 | D:4      | Reached XP level 7. HP: 34/56 MP: 7/7
  3908 | D:4      | Found a staircase to the Ecumenical Temple.
  3912 | Temple   | Entered the Ecumenical Temple
  3942 | Temple   | Became a worshipper of Makhleb the Destroyer
  4128 | D:4      | Found a stormy altar of Qazlal.
  4262 | D:4      | Reached skill level 10 in Axes
  4339 | D:4      | You fall through a shaft for 2 floors!
  4339 | D:6      | Noticed Menkaure
  4781 | D:5      | Reached skill level 11 in Axes
  4894 | D:4      | Found an iron altar of Okawaru.
  4894 | D:4      | Found a deep blue altar of Sif Muna.
  5283 | D:5      | Reached skill level 1 in Invocations
  5402 | D:5      | Acquired Makhleb's first power
  5749 | D:5      | Found a white marble altar of Elyvilon.
  5765 | D:5      | Found a bloodstained altar of Trog.
  6034 | D:6      | Reached XP level 8. HP: 61/66 MP: 10/10
  6580 | D:7      | HP: 3/67 [orc warrior/flail (19)]
  6583 | D:6      | Noticed Pikel
  6583 | D:6      | Killed from afar by Pikel

Action                   |  1- 3 |  4- 6 |  7- 9 || total
-------------------------+-------+-------+-------++-------
Melee: War axe           |   108 |   150 |    59 ||   317
       Flail             |       |   140 |   107 ||   247
       Whip              |       |     8 |       ||     8
 Fire: Blowgun           |       |       |    10 ||    10
Throw: Throwing net      |       |     2 |       ||     2
  Use: Scroll            |     7 |     5 |     9 ||    21
       Potion            |       |     1 |     2 ||     3
 Stab: Sleeping          |       |     2 |     3 ||     5
       Distracted        |       |       |     1 ||     1
  Eat: Chunk             |     1 |     9 |     6 ||    16
       Beef jerky        |       |       |     2 ||     2
